 Dungeon Crawl Stone Soup version 0.32-a0-433-g08bcfe7efd (webtiles) character file.

Game seed: 1766553071672260559

80432 cforsyth the Fencer (level 15, -5/131 HPs)
             Began as a Coglin Gladiator on Feb 23, 2024.
             Was the Champion of Wu Jian.
             Killed from afar by a red draconian (20 damage)
             ... with a searing blast
             ... in a volcano.
             The game lasted 00:57:55 (26288 turns).

cforsyth the Fencer (Coglin Gladiator)             Turns: 26288, Time: 00:58:04

Health: -5/131     AC: 18    Str: 14    XL:     15   Next: 67%
Magic:  0/15       EV: 14    Int:  9    God:    Wu Jian [******]
Gold:   1151       SH:  0    Dex: 26    Spells: 14/14 levels left

rFire   . . .        E - +5 rapier of Lust {heavy, rC+ MP-9 Str+4}
rCold   + . .        c - +1 scimitar (flame) {Septima}
rNeg    . . .        V - +5 robe of Night {Dark Will+ SInv}
rPois   +            F - +1 hat {Stlth+}
rElec   .            M - +1 cloak {Will+}
rCorr   +            x - +1 pair of gloves
SInv    +            i - +2 pair of boots of Wonderful Awe {Rampage}
Will    +++..        Q - amulet of Fyfoxass {Spirit rCorr MP+9 Dex+3}
Stlth   +++          Y - +4 ring of slaying
HPRegen 0.41/turn    O - ring of the Neverending Knives {rPois rCorr Str-5 Dex+2 SInv}
MPRegen 0.14/turn

%: guardian spirit, rampage
@: studying Throwing, revved
A: off-hand wielding, slow wielding, warmup strikes, legs shutdown
a: Renounce Religion, Wall Jump, Serpent's Lash, Heavenly Storm


You were in a volcano.
You worshipped Wu Jian.
Wu Jian was exalted by your worship.
You visited 4 branches of the dungeon, and saw 20 of its levels.
You visited 1 bazaar.
You also visited: Sewer, Gauntlet, Ice Cave and Volcano.

You collected 2074 gold pieces.
You spent 923 gold pieces at shops.


Innate Abilities, Weirdness & Mutations

You can wield a second weapon in your off-hand.
It takes a long time for you to wield or remove held weapons.
Your first few attacks do less damage.
Attacking and casting redirects power from your legs.


   Skills:
 + Level 16.1 Fighting
 + Level 18.5 Long Blades
 - Level 1.7 Throwing
 + Level 14.6 Armour
 - Level 2.6 Dodging


You had 14 spell levels left.
You didn't know any spells.
Your spell library contained the following spells:

 Spells                   Type           Power      Damage    Failure   Level
 Kiss of Death            Conj/Necr      0%         2d5       38%         1
 Slow                     Hex            0%         N/A       38%         1
 Sting                    Conj/Alch      0%         1d3       38%         1
 Call Imp                 Summ           0%         N/A       52%         2
 Ensorcelled Hibernation  Hex/Ice        0%         N/A       52%         2
 Jinxbite                 Hex            0%         N/A       52%         2
 Mercury Vapours          Alch/Air       0%         N/A       52%         2
 Searing Ray              Conj           0%         2d4       52%         2
 Static Discharge         Conj/Air       0%         3-3/arc   52%         2
 Sublimation of Blood     Necr           0%         N/A       52%         2
 Call Canine Familiar     Summ           0%         N/A       77%         3
 Confusing Touch          Hex            0%         N/A       77%         3
 Fugue of the Fallen      Necr           0%         N/A       77%         3
 Ozocubu's Armour         Ice            0%         N/A       77%         3
 Passwall                 Erth           0%         N/A       77%         3
 Sigil of Binding         Hex            0%         N/A       77%         3
 Stone Arrow              Conj/Erth      0%         3d7       77%         3
 Swiftness                Air            0%         N/A       77%         3
 Vampiric Draining        Necr           0%         2d6       77%         3
 Airstrike                Air            0%         2d(0-16)  99%         4
 Anguish                  Hex/Necr       0%         N/A       99%         4
 Animate Armour           Summ/Erth      0%         N/A       99%         4
 Dimensional Bullseye     Hex/Tloc       0%         N/A       99%         4
 Dispel Undead            Necr           0%         3d6       99%         4
 Iskenderun's Mystic Bla  Conj/Tloc      0%         2d3       99%         4
 Manifold Assault         Tloc           0%         N/A       99%         4
 Petrify                  Alch/Erth      0%         N/A       99%         4
 Sticky Flame             Fire/Alch      0%         2d4       99%         4
 Summon Lightning Spire   Summ/Air       0%         N/A       99%         4
 Fireball                 Conj/Fire      0%         3d3       100%        5
 Irradiate                Conj/Alch      0%         3d11      100%        5
 Yara's Violent Unravell  Hex/Alch       0%         3d3       100%        5
 Starburst                Conj/Fire      0%         6d3       100%        6
 Enfeeble                 Hex            0%         N/A       100%        7
 Summon Hydra             Summ           0%         N/A       100%        7
 Lehudib's Crystal Spear  Conj/Erth      0%         10d2      100%        8

Inventory:

Hand Weapons
 a - a +4 long sword of freezing {Byeongho}
 c - a +1 scimitar of flaming (offhand) {Septima}
 k - a +1 falchion of venom {Æðelind}
 E - the +5 rapier of Lust (weapon) {heavy, rC+ MP-9 Str+4}
   (You found it on level 9 of the Dungeon)

   Str+4:     It affects your strength (+4).
   rC+:       It protects you from cold.
   MP-9:      It affects your magic capacity (-9).
 H - the +4 dagger "Dokk" {freeze, rN+ Str+3 Int-4 Dex+8}
   (You took it off a minotaur in a Gauntlet)

   Str+3:     It affects your strength (+3).
   Int-4:     It affects your intelligence (-4).
   Dex+8:     It affects your dexterity (+8).
   rN+:       It protects you from negative energy.
Missiles
 d - 6 throwing nets (quivered) {=f}
 e - 12 javelins
 G - 8 silver javelins
Armour
 i - the +2 pair of boots of Wonderful Awe (worn) {Rampage}
   (You found it in a Gauntlet)

   Rampage:   It bestows one free step when moving towards enemies.
 x - a +1 pair of gloves (worn)
 F - a +1 hat of stealth (worn)
 M - a +1 cloak of willpower (worn)
 R - a scarf of repulsion
 V - the +5 robe of Night (worn) {Dark Will+ SInv}
   (You took it off a minotaur in a Gauntlet)

   Dark:      It shrouds the wearer in darkness, reducing the range at which
   they can see and be seen by others.
   Will+:     It increases your willpower.
   SInv:      It lets you see invisible.
Jewellery
 h - an amulet of regeneration
 C - a ring of protection from cold
 J - a ring of flight
 O - the ring of the Neverending Knives (right grasper) {rPois rCorr Str-5 Dex+2 SInv}
   (You bought it in a shop in a bazaar)

   [ring of see invisible]

   Str-5:     It affects your strength (-5).
   Dex+2:     It affects your dexterity (+2).
   rPois:     It protects you from poison SInv: It lets you see invisible.
   rCorr:     It protects you from acid and corrosion.
 Q - the amulet of Fyfoxass (around neck) {Spirit rCorr MP+9 Dex+3}
   (You found it on level 11 of the Dungeon)

   [amulet of guardian spirit]

   Spirit:    It causes incoming damage to be divided between your reserves of
   health and magic.
   Dex+3:     It affects your dexterity (+3).
   MP+9:      It affects your magic capacity (+9).
   rCorr:     It protects you from acid and corrosion.
 T - a +4 ring of protection
 W - a ring of willpower
 Y - a +4 ring of slaying (left grasper)
Wands
 p - a wand of charming (38)
 S - a wand of flame (25)
 X - a wand of mindburst (15)
Scrolls
 j - 3 scrolls of enchant weapon
 n - 3 scrolls of noise
 o - 12 scrolls of teleportation {@r2}
 q - 2 scrolls of enchant armour
 r - 5 scrolls of blinking
 u - 3 scrolls of poison
 w - 4 scrolls of silence {!r}
 y - a scroll of fear
 B - a scroll of fog
 D - 5 scrolls of immolation
 N - 6 scrolls of identify {@r1}
 U - 2 scrolls of brand weapon
Potions
 b - 2 potions of enlightenment
 f - 5 potions of curing {@q1}
 l - 5 potions of heal wounds {@q2}
 s - 3 potions of might
 t - 5 potions of mutation
 z - 4 potions of lignification
 A - 3 potions of haste {@q3}
 Z - a potion of ambrosia
Miscellaneous
 g - a tin of tremorstones (2/2)
 m - a phial of floods
 K - a box of beasts

Dungeon Overview and Level Annotations

Branches:
Dungeon (12/15)            Temple (1/1) D:4            Lair (5/5) D:10
  Swamp (0/4) Lair:2       Spider (0/4) Lair:3        Slime (0/5) Lair:5
    Orc (2/2) D:12            Elf (0/3) Orc:2         Sewer (visited)
  IceCv (visited)         Volcano (1/1)             Gauntlet (visited)

Altars:
Ashenzari
Cheibriados
Dithmenos
Elyvilon
Fedhas
Gozag
Hepliaklqana
Kikubaaqudgha
Makhleb
Nemelex Xobeh
Okawaru
Qazlal
Ru
Sif Muna
Trog
Uskayaw
Vehumet
Wu Jian
Xom
Yredelemnul
Zin
The Shining One
Jiyva

Annotations:
D:6 2 transporters
D:12 2 transporters
Lair:3 2 transporters, Gryn's ghost, journeyman GnHs
Orc:1 3 runed translucent doors

##...§§§§
≈≈≈≈≈...###
≈≈≈≈...##
.......#
..##...## #
###..#
##.###
#..###
###.§§##
##)@∩§§≈#
#$.d[§§§#
##$)%§§##
#!.≈°≈#
##≈§°°#
##≈≈## #


You could see a red draconian (catching breath).


Message History

* * * LOW HITPOINT WARNING * * *
The red draconian hits you but does no damage.
Unknown command.
You closely miss the red draconian with your +1 scimitar of flaming.
The red draconian is heavily wounded.
You impale the red draconian with the +5 rapier of Lust!!
You are engulfed in blazing flames.
* * * LOW HITPOINT WARNING * * *
The red draconian barely misses you.
You slash the red draconian with your +1 scimitar of flaming!
You burn the red draconian.
The red draconian is almost dead.
You puncture the red draconian with the +5 rapier of Lust!
You are engulfed in blazing flames.
* * * LOW HITPOINT WARNING * * *
The red draconian completely misses you.
You hit the red draconian but do no damage.
The red draconian is almost dead.
You barely miss the red draconian with your +1 scimitar of flaming.
You are engulfed in blazing flames.
* * * LOW HITPOINT WARNING * * *
Unknown command.
You feel much better.
The air gets thick with the scent of sulphur.
You are engulfed in blazing flames.
* * * LOW HITPOINT WARNING * * *
You are no longer unable to travel.
The red draconian breathes fire at you. The searing blast hits you!!
You die...

Skill      XL: |  1  2  3  4  5  6  7  8  9 10 11 12 13 14 15 |
---------------+----------------------------------------------+-----
Armour         | 1 2 3 4 5 7 8 10 11 12 13 14 | 14.6
Fighting       | 3 4 5 6 8 9 11 12 14 15 16 | 16.1
Long Blades    | 4 5 7 8 10 11 13 16 17 18 | 18.5
Throwing       | |  1.7
Dodging        | |  2.6

Action                     |  1- 3 |  4- 6 |  7- 9 | 10-12 | 13-15 || total
---------------------------+-------+-------+-------+-------+-------++-------
  Melee: Long sword        |    66 |   114 |   339 |   481 |   336 ||  1336
         Dagger            |    41 |   111 |   317 |   222 |   414 ||  1105
         Rapier            |       |       |       |    64 |   491 ||   555
         Falchion          |       |       |       |   293 |    80 ||   373
         Scimitar          |       |       |       |       |   308 ||   308
Ability: Lunge             |       |       |    29 |    31 |   100 ||   160
         Whirlwind         |       |       |    17 |   164 |   167 ||   348
  Evoke: Wand              |       |       |     4 |       |     2 ||     6
    Use: Scroll            |       |       |     5 |    16 |     6 ||    27
         Potion            |       |       |     4 |     2 |     1 ||     7
   Stab: Sleeping          |       |     1 |       |       |    29 ||    30
         Distracted        |       |       |       |     3 |    11 ||    14
         Invisible         |       |       |       |       |     1 ||     1
 Armour: Leather armour    |    26 |     7 |       |       |       ||    33
         Plate armour      |       |   111 |   368 |   420 |       ||   899
         Robe              |       |       |       |   134 |   460 ||   594
  Dodge: Dodged            |    49 |    23 |    83 |   209 |   310 ||   674

Levels and vault maps discovered:
D:1:      dpeg_arrival_erosion, layout_rooms, serial_forest,
          infiniplex_forest_clump_tiny, infiniplex_forest_lined_corner,
          infiniplex_forest_clump_small, infiniplex_forest_fountain,
          infiniplex_forest_lined_2, infiniplex_forest_straight_1
D:2:      layout_basic, basic_altar
D:3:      layout_basic, lemuel_doored_altar, nicolae_vehumet_altar_sigil
D:4:      minmay_recursive_quarters, layout_loops_ring,
          nicolae_dithmenos_shadow_blocks, minmay_temple_entry_mini_moons,
          uniq_robin
D:5:      layout_loops_ring, gup_sewer_entry_pipe, chequers_avenue
D:6:      layout_rooms, gammafunk_temple_overflow_arena,
          serial_library_regret_index_split_case
D:7:      layout_basic, minmay_manual_macuahuitl
D:8:      layout_loops_ring, serial_rivers, chequers_serial_rivers_micro_e,
          chequers_serial_rivers_micro_b, chequers_serial_rivers_large_b,
          chequers_serial_rivers_micro_b, chequers_serial_rivers_large_a,
          uniq_amaemon
D:9:      layout_basic, kennysheep_big_empty_room, uniq_grum, uniq_harold,
          uniq_gastronok
D:10:     layout_long_grid, lemuel_crystal_altar, erik_lair_dragon, uniq_urug
D:11:     lemuel_vampire_tower, layout_basic, serial_undead, serial_undead_a,
          serial_undead_a, serial_undead_b, serial_undead_f, serial_undead_c,
          gauntlet_entry_generic, kiku_gazebo_pond_becter
D:12:     gammafunk_sealed_arena, layout_rooms, erik_orc_2,
          portal_ice_cave_entry_animals_and_master, serial_shops,
          bzr_entry_dummy
Temple:   bh_familiar_temple
Lair:1:   lemuel_ratsnest, layout_regular_city, gammafunk_ghost_grave,
          grunt_megastairs_1, uniq_fannar
Lair:2:   nzn_winding_woodlands_cross [nzn_winding_woodlands_5x15_split_checker,
          nzn_winding_woodlands_5x15_garden, nzn_winding_woodlands_5x15_default,
          nzn_winding_woodlands_5x15_eye,
          nzn_winding_woodlands_15x15_five_gardens], layout_cave_pods,
          mainiacjoe_swamp_entry_lozenge_pond, small_statue_intersection,
          worms_lemuel, uniq_erica
Lair:3:   layout_regular_city, nicolae_spider_entry_non_spiders,
          gammafunk_ghost_hive, lemuel_fruit_fields
Lair:4:   layout_roguey [special_room_mythical_zoo], grunt_megastairs_5,
          serial_bayou_shore_b, infiniplex_staircase_pool_2, uniq_sonja
Lair:5:   cheibrodos_lair_end_hotspot, layout_regular_city, slime_entry_1
Orc:1:    layout_caves, gammafunk_ghost_necromancy, uniq_nergalle, uniq_snorg,
          uniq_erolcha
Orc:2:    grunt_orc_community_town_hall, layout_diamond_mine,
          grunt_orc_community_big_house_2, grunt_orc_community_big_house_2,
          grunt_orc_community_house_1, grunt_orc_community_house_2,
          grunt_orc_community_house_2, grunt_orc_community_house_1,
          grunt_orc_community_house_1, nicolae_volcano_entry_s_turn,
          mines2_lemuel
Volcano:  volcano_pools

Notes
Turn   | Place    | Note
-------+----------+-------------------------------------------
     0 | D:1      | cforsyth the Coglin Gladiator began the quest for the Orb.
     0 | D:1      | Reached XP level 1. HP: 16/16 MP: 1/1
   190 | D:1      | Reached XP level 2. HP: 22/22 MP: 2/2
   654 | D:2      | Reached skill level 1 in Armour
   671 | D:2      | Reached XP level 3. HP: 20/28 MP: 3/3
   974 | D:2      | Found an ornate altar of the Wu Jian Council.
  1283 | D:3      | Reached skill level 3 in Fighting
  1283 | D:3      | Reached XP level 4. HP: 23/35 MP: 4/4
  1378 | D:3      | You fall into a shaft and drop 1 floor!
  1412 | D:4      | Noticed an ogre
  1414 | D:4      | Found a shadowy altar of Dithmenos.
  1421 | D:4      | Killed an ogre
  1422 | D:4      | Reached skill level 4 in Long Blades
  1422 | D:4      | Reached skill level 2 in Armour
  1422 | D:4      | Reached XP level 5. HP: 35/41 MP: 5/5
  1479 | D:3      | Found a sparkling altar of Nemelex Xobeh.
  1829 | D:3      | Found a radiant altar of Vehumet.
  2010 | D:4      | Reached XP level 6. HP: 47/48 MP: 6/6
  2184 | D:4      | Identified the +1 hand axe of Actus Reus {freeze, rF++
                  | Str+3}
  2199 | D:4      | Reached skill level 4 in Fighting
  2254 | D:4      | HP: 2/48 [gnoll/+0 whip (6)]
  2256 | D:4      | Reached skill level 3 in Armour
  2495 | D:4      | Noticed Robin
  2516 | D:4      | Killed Robin
  2732 | D:4      | Found a staircase to the Ecumenical Temple.
  2741 | D:4      | Reached skill level 5 in Long Blades
  2741 | D:4      | Reached XP level 7. HP: 49/55 MP: 7/7
  2767 | Temple   | Entered the Ecumenical Temple
  2818 | Temple   | Became a worshipper of the Wu Jian Council
  3235 | D:5      | Entered Level 5 of the Dungeon
  3295 | D:5      | Found a glowing drain.
  3316 | Sewer    | Entered a sewer
  3424 | Sewer    | Reached skill level 5 in Fighting
  3529 | D:5      | Reached skill level 4 in Armour
  4196 | D:6      | Noticed a shadow
  4203 | D:6      | Reached XP level 8. HP: 47/63 MP: 8/8
  4372 | D:6      | Reached * piety under Wu Jian
  4383 | D:6      | Reached skill level 6 in Long Blades
  4397 | D:6      | Found a transporter.
  4399 | D:6      | Found a transporter.
  4426 | D:6      | Found a shimmering blue altar of Sif Muna.
  4631 | D:6      | Reached skill level 6 in Fighting
  4635 | D:6      | Reached skill level 5 in Armour
  5165 | D:7      | Noticed a wyvern
  5180 | D:7      | Killed a wyvern
  5327 | D:7      | Noticed a hornet
  5455 | D:7      | Killed a hornet
  5456 | D:7      | Reached skill level 7 in Long Blades
  5456 | D:7      | Reached XP level 9. HP: 60/71 MP: 9/9
  5616 | D:7      | Reached skill level 7 in Fighting
  5736 | D:7      | Reached skill level 6 in Armour
  6828 | D:8      | Reached ** piety under Wu Jian
  6854 | D:8      | Noticed Amaemon
  6854 | D:8      | Noticed an orange demon
  7277 | D:7      | HP: 7/72 [Amaemon/-2 demon whip of venom (6)]
  7287 | D:7      | HP: 7/72 [Amaemon/-2 demon whip of venom (4)]
  7288 | D:7      | Killed Amaemon
  7289 | D:7      | Reached skill level 8 in Fighting
  7289 | D:7      | Reached skill level 8 in Long Blades
  8002 | D:8      | Killed an orange demon
  8003 | D:8      | Reached skill level 7 in Armour
  8179 | D:8      | Reached XP level 10. HP: 73/80 MP: 10/10
  8529 | D:9      | Noticed Gastronok
  8620 | D:9      | Identified the +5 rapier of Lust {heavy, rC+ MP-9 Str+4}
  8977 | D:9      | Killed Gastronok
  8978 | D:9      | Reached skill level 9 in Fighting
  8978 | D:9      | Reached skill level 9 in Long Blades
  9071 | D:9      | Reached skill level 8 in Armour
  9446 | D:9      | Noticed Harold
  9447 | D:9      | Noticed Grum
  9470 | D:9      | Killed Harold
  9488 | D:9      | HP: 4/84 [Grum/+1 spear (12)]
  9489 | D:9      | Killed Grum
  9816 | D:9      | Noticed a kobold demonologist
  9819 | D:9      | Killed a kobold demonologist
  9820 | D:9      | Reached skill level 10 in Long Blades
  9820 | D:9      | Reached XP level 11. HP: 90/90 MP: 2/11
 10079 | D:10     | Entered Level 10 of the Dungeon
 10080 | D:10     | Noticed Urug
 10086 | D:10     | Killed Urug
 10087 | D:10     | Reached skill level 10 in Fighting
 10241 | D:10     | Found a glowing silver altar of Zin.
 10678 | D:9      | Reached skill level 9 in Armour
 11320 | D:10     | Reached *** piety under Wu Jian
 11358 | D:10     | Noticed an orc knight
 11542 | D:10     | Killed an orc knight
 11962 | D:10     | Found a staircase to the Lair.
 12104 | D:11     | Noticed a two-headed ogre
 12117 | D:11     | Reached skill level 11 in Long Blades
 12123 | D:11     | Reached skill level 11 in Fighting
 12189 | D:11     | HP: 9/91 [meliai zombie (6)]
 12204 | D:11     | Reached skill level 10 in Armour
 12215 | D:11     | Reached XP level 12. HP: 42/100 MP: 12/12
 12247 | D:11     | Found a gate leading to a gauntlet.
 12253 | Gauntlet | Entered a Gauntlet
 12253 | Gauntlet | Found a transporter.
 12416 | Gauntlet | Found a transporter.
 12416 | Gauntlet | Found a transporter.
 12421 | Gauntlet | Found a runed translucent door.
 12421 | Gauntlet | Found a runed translucent door.
 12426 | Gauntlet | Found a transporter.
 12429 | Gauntlet | Found a transporter.
 12435 | Gauntlet | Noticed a wretched star
 12439 | Gauntlet | Found a transporter.
 12455 | Gauntlet | Found a transporter.
 12466 | Gauntlet | Found a transporter.
 12476 | Gauntlet | Found a transporter.
 12481 | Gauntlet | Found a transporter.
 12509 | Gauntlet | Found a transporter.
 12509 | Gauntlet | Found a transporter.
 12561 | Gauntlet | Found a transporter.
 12564 | Gauntlet | Found a transporter.
 12810 | Gauntlet | Identified a scroll of acquirement
 12813 | Gauntlet | Acquired a manual of Long Blades
 12872 | Gauntlet | Killed a wretched star
 13114 | Gauntlet | Identified the +2 pair of boots of Wonderful Awe {Rampage}
 13142 | Gauntlet | Identified the +4 dagger "Dokk" {freeze, rN+ Str+3 Int-4
                  | Dex+8}
 13142 | Gauntlet | Noticed a minotaur
 13150 | Gauntlet | Killed a minotaur
 13151 | Gauntlet | Reached skill level 12 in Long Blades
 13201 | Gauntlet | Identified the +1 scale mail of the Equator {rF+ rC- Int+3}
 13209 | Gauntlet | Got the Thoughts on the Athanor and Violence
 13364 | D:11     | Reached skill level 12 in Fighting
 13381 | D:11     | Reached **** piety under Wu Jian
 13419 | D:11     | Reached skill level 13 in Long Blades
 13446 | D:11     | Identified the amulet of Fyfoxass {Spirit rCorr MP+9 Dex+3}
 13537 | D:11     | Found an ancient bone altar of Kikubaaqudgha.
 13543 | D:11     | Reached skill level 11 in Armour
 14104 | D:11     | Reached XP level 13. HP: 76/107 MP: 13/13
 14234 | D:11     | Reached skill level 14 in Long Blades
 14385 | D:11     | Found an ancient bone altar of Kikubaaqudgha.
 14387 | D:11     | Reached ***** piety under Wu Jian
 14388 | D:11     | Reached skill level 13 in Fighting
 14668 | D:12     | Found a transporter.
 14684 | D:12     | Found a flickering gateway to a bazaar.
 14690 | Bazaar   | Entered a bazaar
 14693 | Bazaar   | Found Daboehoc's Magic Scroll Shop.
 14700 | Bazaar   | Found Ger Cyonn's Weapon Shop.
 14713 | Bazaar   | Found Narrelud's Jewellery Shoppe.
 14719 | Bazaar   | Bought the ring of the Neverending Knives {rPois rCorr
                  | Str-5 Dex+2 SInv} for 229 gold pieces
 14747 | Bazaar   | Found Raismem's Distillery.
 14753 | Bazaar   | Bought a potion of heal wounds for 60 gold pieces
 14753 | Bazaar   | Bought a potion of might for 48 gold pieces
 14753 | Bazaar   | Bought a potion of heal wounds for 60 gold pieces
 14753 | Bazaar   | Bought a potion of heal wounds for 60 gold pieces
 14753 | Bazaar   | Bought a potion of haste for 120 gold pieces
 14768 | Bazaar   | Bought a scroll of teleportation for 33 gold pieces
 14768 | Bazaar   | Bought a scroll of teleportation for 33 gold pieces
 14768 | Bazaar   | Bought 3 scrolls of blinking for 247 gold pieces
 14768 | Bazaar   | Bought a scroll of teleportation for 33 gold pieces
 14870 | D:12     | Found a frozen archway.
 14965 | IceCv    | Entered an ice cave
 16061 | IceCv    | Reached skill level 12 in Armour
 16065 | IceCv    | Reached skill level 15 in Long Blades
 16325 | IceCv    | Identified the staff of Change {rC+ Will+ Ice}
 17419 | D:11     | Found an ancient bone altar of Kikubaaqudgha.
 17711 | D:11     | Found an ancient bone altar of Kikubaaqudgha.
 17966 | D:12     | Noticed a fire giant
 17966 | D:12     | Identified the +6 spear "Neagg" {protect, ^Fragile rC+
                  | Str+2}
 17972 | D:12     | Noticed a storm dragon
 17981 | D:12     | Found a transporter.
 18050 | D:12     | Found a staircase to the Orcish Mines.
 18759 | Lair:1   | Entered Level 1 of the Lair of Beasts
 18884 | Lair:1   | Reached skill level 14 in Fighting
 18888 | Lair:1   | Reached skill level 16 in Long Blades
 19003 | Lair:1   | Reached XP level 14. HP: 120/120 MP: 12/14
 19147 | Lair:1   | Reached ****** piety under Wu Jian
 19513 | Lair:1   | Found a runed translucent door.
 19513 | Lair:1   | Noticed jboons's ghost (journeyman CoNe)
 19544 | Lair:1   | Noticed Fannar
 19547 | Lair:1   | Killed Fannar
 19672 | Lair:1   | Reached skill level 13 in Armour
 19805 | Lair:1   | Killed jboons's ghost
 20205 | Lair:2   | Reached skill level 17 in Long Blades
 20842 | Lair:2   | Noticed Erica
 20844 | Lair:2   | Killed Erica
 21428 | Lair:2   | Found a staircase to the Swamp.
 21593 | Lair:3   | Reached skill level 15 in Fighting
 21902 | Lair:3   | Found a hole to the Spider Nest.
 22055 | Lair:3   | Found a transporter.
 22058 | Lair:3   | Found a transporter.
 22059 | Lair:3   | Noticed Gryn's ghost (journeyman GnHs)
 22514 | Lair:4   | Noticed Sonja
 22517 | Lair:4   | Killed Sonja
 22548 | Lair:4   | Reached XP level 15. HP: 78/129 MP: 9/15
 22800 | Lair:4   | Reached skill level 18 in Long Blades
 22814 | Lair:4   | Reached skill level 14 in Armour
 23371 | Lair:5   | Entered Level 5 of the Lair of Beasts
 23409 | Lair:5   | Found a viscous altar of Jiyva.
 23415 | Lair:5   | Found a staircase to the Slime Pits.
 23801 | Lair:5   | Got Veuzadipt's Reference Book on Fulmination
 24182 | Lair:5   | Found a large runed translucent door.
 24183 | Lair:5   | Found a large runed translucent door.
 24196 | Lair:5   | Reached skill level 16 in Fighting
 25525 | Orc:1    | Entered Level 1 of the Orcish Mines
 25635 | Orc:1    | Found a runed translucent gate.
 25636 | Orc:1    | Found a runed translucent gate.
 25637 | Orc:1    | Found a runed translucent gate.
 25670 | Orc:1    | Noticed Snorg
 25675 | Orc:1    | Killed Snorg
 25904 | Orc:2    | Entered Level 2 of the Orcish Mines
 25955 | Orc:2    | Found a staircase to the Elven Halls.
 26196 | Orc:2    | Found a dark tunnel.
 26210 | Volcano  | Entered a volcano
 26287 | Volcano  | HP: 9/131 [red draconian] (17)]
 26288 | Volcano  | Killed from afar by a red draconian

Vanquished Creatures
  Gastronok (D:9)
  A minotaur (Gauntlet)
  Snorg (Orc:1)
  A fire dragon (Lair:5)
  The ghost of jboons the Spear-Bearer, a journeyman CoNe of Lugonu (Lair:1)
  5 hydras
  Harold (D:9)
  An alligator (Lair:2)
  A boulder beetle (Lair:3)
  Fannar (Lair:1)
  Erica (Lair:2)
  3 two-headed ogres
  A death yak (Lair:2)
  Urug (D:10)
  Sonja (Lair:4)
  5 skeletal warriors
  A skyshark (Lair:2)
  Amaemon (D:7)
  A wretched star (Gauntlet)
  An orc knight (D:10)
  A lindwurm (Lair:5)
  3 ugly things
  A deep elf pyromancer (D:12)
  A spectral boulder beetle (D:11)
  An orc sorcerer (Orc:2)
  3 cyclopes
  A manticore (D:12)
  2 spectral centaurs (D:11)
  11 centaur zombies (D:11)
  7 black mambas
  4 elephants (Lair:2)
  2 molten gargoyles (Lair:5)
  3 ice statues (IceCv)
  2 torpor snails
  13 cane toads
  A gargoyle (D:10)
  3 centaur skeletons (D:11)
  10 rime drakes
  An orange demon (D:8)
  15 komodo dragons
  A kobold demonologist (D:9)
  An anaconda simulacrum (IceCv)
  3 trolls
  4 polar bears
  10 blink frogs
  2 hornets
  A spectral meliai (D:11)
  3 meliai zombies (D:11)
  7 dream sheep (Lair:5)
  A raiju (Gauntlet)
  4 slime creatures
  10 shadows
  13 wyverns
  A dire elephant simulacrum (IceCv)
  9 vampires
  7 wraiths
  14 basilisks
  46 yaks
  Grum (D:9)
  A neqoxec (Gauntlet)
  4 steam dragons
  2 wargs
  2 death yak simulacra (IceCv)
  A small abomination (Gauntlet)
  8 vampire mosquitoes
  A swamp worm (Lair:2)
  3 acid dragons (D:10)
  5 hell hounds
  18 water moccasins
  A black mamba simulacrum (D:11)
  A boulder beetle simulacrum (D:11)
  15 orc warriors
  A sky beast (D:6)
  2 black bears
  A crocodile (Sewer)
  4 ogres
  25 wolves
  A phantom (D:4)
  A kobold brigand (D:7)
  11 weeping skulls (D:11)
  20 bullfrogs
  6 scorpions
  A cane toad simulacrum (IceCv)
  5 wights (D:9)
  An elephant simulacrum (IceCv)
  11 killer bees
  5 howler monkeys
  2 electric eels (D:12)
  A bombardier beetle (D:6)
  4 lava snakes (Lair:5)
  4 hounds
  10 orc priests
  2 gnoll boudas (D:8)
  4 sleepcaps
  3 iguanas
  23 orc wizards
  19 hell rats
  A polar bear simulacrum (IceCv)
  Robin (D:4)
  A howler monkey zombie (D:11)
  11 gnolls
  11 river rats (Lair:1)
  9 adders
  3 white imps
  2 ufetubi (D:7)
  2 dart slugs
  6 ribbon worms
  73 orcs
  2 bats
  4 endoplasms
  6 giant cockroaches
  8 hobgoblins
  3 jackals (Sewer)
  11 quokkas
  6 ball pythons
  4 frilled lizards
  19 goblins
  7 kobolds
  14 rats
  A butterfly (Lair:3)
687 creatures vanquished.

Vanquished Creatures (others)
  An orc (D:8)
1 creature vanquished.

Grand Total: 688 creatures vanquished

Table legend: (Time is in decaauts)
 A = Elapsed time spent in this place.
 B = Non-inter-level travel time spent in this place.
 C = Inter-level travel time spent in this place.
 D = Time resting spent in this place.
 E = Time spent auto-exploring this place.
 F = Levels seen in this place.
 G = Mean time per level.
                   A        B        C        D        E       F      G
               +--------+--------+--------+--------+--------+-----+--------+
         Total |  26236 |  25282 |    954 |   4603 |  15587 |  25 | 1049.4 |
       Dungeon |  16322 |  15677 |    645 |   3113 |   9595 |  12 | 1360.2 |
        Temple |     65 |     51 |     14 |      0 |     35 |   1 |   65.0 |
          Lair |   6449 |   6172 |    277 |    199 |   5009 |   5 | 1289.8 |
  Orcish Mines |    679 |    661 |     18 |      0 |    309 |   2 |  339.5 |
        Bazaar |     93 |     93 |      0 |      0 |      0 |   1 |   93.0 |
         Sewer |    198 |    198 |      0 |      0 |    143 |   1 |  198.0 |
      Ice Cave |   1383 |   1383 |      0 |   1007 |    141 |   1 | 1383.0 |
       Volcano |     76 |     76 |      0 |      0 |      0 |   1 |   76.0 |
      Gauntlet |    968 |    968 |      0 |    283 |    354 |   1 |  968.0 |
               +--------+--------+--------+--------+--------+-----+--------+

Top non-repeatable levels by time:
    D:11: 2972 daAuts
     D:7: 2312 daAuts
     D:9: 2308 daAuts
    D:10: 1898 daAuts
  Lair:5: 1846 daAuts
  Lair:2: 1574 daAuts
   IceCv: 1383 daAuts
     D:4: 1222 daAuts
  Lair:1: 1201 daAuts
     D:8: 1120 daAuts
    D:12: 976 daAuts
Gauntlet: 968 daAuts
  Lair:3: 925 daAuts
  Lair:4: 901 daAuts
     D:5: 857 daAuts

Table legend:
 A = Non-vault XP
 B = Vault XP
 C = Vault XP percentage of total XP
 D = Non-vault monster count
 E = Vault monster count
 F = Vault count percentage of total count
                 A         B        C        D         E       F
            +---------+---------+-------+---------+---------+-------
      Total |   50971 |   63933 |  55.6 |     378 |     308 |  44.9
            +---------+---------+-------+---------+---------+-------
        D:1 |      21 |       0 |   0.0 |      12 |       0 |   0.0
        D:2 |      42 |       0 |   0.0 |      18 |       0 |   0.0
        D:3 |      98 |       0 |   0.0 |      11 |       0 |   0.0
        D:4 |     489 |      50 |   9.3 |      28 |      17 |  37.8
        D:5 |     341 |      14 |   3.9 |      10 |       7 |  41.2
        D:6 |     597 |       0 |   0.0 |      20 |       0 |   0.0
        D:7 |     474 |    1335 |  73.8 |      10 |       7 |  41.2
        D:8 |     669 |     392 |  36.9 |      26 |       1 |   3.7
        D:9 |    2217 |    2986 |  57.4 |      28 |       6 |  17.6
       D:10 |    3441 |    2130 |  38.2 |      23 |       7 |  23.3
       D:11 |    5368 |   16388 |  75.3 |      16 |      69 |  81.2
       D:12 |    5967 |    2262 |  27.5 |      21 |      27 |  56.2
     Lair:1 |    6508 |    4730 |  42.1 |      26 |      51 |  66.2
     Lair:2 |    4870 |    8490 |  63.5 |      20 |      23 |  53.5
     Lair:3 |    6581 |     351 |   5.1 |      29 |       8 |  21.6
     Lair:4 |    3460 |    7587 |  68.7 |       9 |      31 |  77.5
     Lair:5 |    6734 |    8494 |  55.8 |      29 |      27 |  48.2
      Orc:1 |     742 |     931 |  55.6 |       8 |       1 |  11.1
      Orc:2 |    2352 |       0 |   0.0 |      34 |       0 |   0.0
      Sewer |       0 |     129 | 100.0 |       0 |       5 | 100.0
      IceCv |       0 |    3293 | 100.0 |       0 |      12 | 100.0
    Volcano |       0 |    1643 | 100.0 |       0 |       2 | 100.0
   Gauntlet |       0 |    2728 | 100.0 |       0 |       7 | 100.0
            +---------+---------+-------+---------+---------+-------
